 Dungeon Crawl Stone Soup version 0.27-a0-1193-g8631133539 (webtiles) character file.

Game seed: 10457203360785786676

505 robertstho the Magician (level 7, -15/45 HPs)
             Began as a Djinni Fire Elementalist on May 26, 2021.
             Demolished by an ogre
             ... wielding a +0 giant spiked club
              (33 damage)
             ... on level 4 of the Dungeon.
             The game lasted 00:06:03 (3372 turns).

robertstho the Magician (Djinni Fire Elementalist)  Turns: 3372, Time: 00:06:03

Health: -15/45     AC:  2    Str:  7    XL:     7   Next: 41%
Gold:   156        EV: 13    Int: 18    God:
                   SH:  0    Dex: 14

rFire    + + .     SeeInvis .   m - +2 dagger (protect)
rCold    x . .     Faith    .   (no shield)
rNeg     . . .     Spirit   .   a - +0 robe
rPois    ∞         Reflect  .   (no helmet)
rElec    .         Harm     .   (no cloak)
rCorr    .         Rampage  .   (no gloves)
Will     .....                  (boots unavailable)
Stlth    ++........             (no amulet)
HPRegen  0.15/turn              (no ring)
MPRegen  0.00/turn              (no ring)

@: flying
A: sickness immunity, fire resistance 2, cold vulnerability 1, float, innate
caster, hp casting, extra vitality 1
a: no special abilities


You were on level 4 of the Dungeon.
You visited 1 branch of the dungeon, and saw 6 of its levels.

You collected 156 gold pieces.

Inventory:

Hand Weapons
 m - a +2 dagger of protection (weapon)
Missiles
 k - 2 curare-tipped darts
Armour
 a - a +0 robe (worn)
Scrolls
 n - 2 scrolls of enchant weapon
Potions
 b - a potion of flight {unknown}
 d - a potion of curing
 e - 2 potions of mutation {unknown}
 f - a potion of might {unknown}
 h - 2 potions of heal wounds {unknown}
 i - a potion of ambrosia {unknown}
 j - a potion of cancellation


   Skills:
 + Level 0.1 Fighting
 + Level 4.0 Dodging
 + Level 2.7 Stealth
 + Level 0.3 Unarmed Combat
 + Level 5.2 Spellcasting


You couldn't memorise any spells.
You knew the following spells:

 Your Spells              Type           Power      Damage    Failure   Level
a - Foxfire               Conj/Fire      92%        2x1d8     1%          1
b - Conjure Flame         Conj/Fire      23%        6-21      4%          3
c - Inner Flame           Hex/Fire       23%        N/A       4%          3
d - Sticky Flame          Conj/Fire      23%        2d4       16%         4
e - Fireball              Conj/Fire      11%        3d7       38%         5
f - Shock                 Conj/Air       92%        1d8       1%          1
g - Blink                 Tloc           N/A        N/A       2%          2
h - Mephitic Cloud        Conj/Pois/Air  23%        N/A       4%          3
Your spell library was empty.

Dungeon Overview and Level Annotations

Branches:
Dungeon (6/15)
 Temple: D:4-7

Altars:
Qazlal


Innate Abilities, Weirdness & Mutations

You are immune to sickness and miasma.
You are immune to poison.
Your flesh is very heat resistant. (rF++)
You are vulnerable to cold. (rC-)
You float through the air rather than walking.
You learn spells naturally, not from books.
Your magical power is your life essence.
You have superior vitality. (+4 HP)


Message History

You now have 156 gold pieces (gained 17).
There is a stone staircase leading down here.
The ball python closely misses you.
You barely miss the ball python.
The ball python is moderately wounded.
Casting: Mephitic Cloud (dangerous; 4% risk of failure)
Confirm with . or Enter, or press ? or * to list all spells.
The spell is quite dangerous to cast (16% risk of failure)!
Continue anyway?
Aiming: Sticky Flame (quite dangerous; 16% risk of failure)
Press: ? - help, Shift-Dir - straight line, f/p - ball python
Aim: a ball python (moderately wounded, confused, 100% to hit)
The sticky flame hits the ball python.
You kill the ball python!
* * * LOW HITPOINT WARNING * * *
Unknown command.
A kobold comes into view. It is wielding a +0 whip.
A scorpion comes into view.
A kobold comes into view. It is wielding a +0 dagger.
As you read the scroll labelled RAOKHL GEMUHE, it crumbles to dust.
It is a scroll of brand weapon.
Your +2 dagger of flaming projects an invisible shield of force!
m - a +2 dagger of protection (weapon)
The kobold shouts!
As you read the scroll labelled RUMIMOIXKINE, it crumbles to dust.
It is a scroll of amnesia.
You feel forgetful for a moment.
You feel better. The kobold barely misses you.
You feel better. The kobold closely misses you.
Casting: Sticky Flame (quite dangerous; 16% risk of failure)
Confirm with . or Enter, or press ? or * to list all spells.
The spell is quite dangerous to cast (16% risk of failure)!
Continue anyway?
Aiming: Sticky Flame (quite dangerous; 16% risk of failure)
Press: ? - help, Shift-Dir - straight line, f - ogre
Aim: an ogre, wielding a +0 giant spiked club (100% to hit)
The sticky flame hits the ogre.
The ogre is lightly wounded.
The ogre is covered in liquid flames!
The ogre burns!
The ogre hits you with a +0 giant spiked club!!
Ouch! That really hurt!
You die...

#.###### ##.!....#
. .......# # ..
#.#....##..
...##.#......
...!.(.#...#
#....#...##########
#.....>...O@Ks.K...
#....##########.#..
#####


You could see an ogre (burning), a scorpion and 2 kobolds.

Vanquished Creatures
  A water moccasin (D:6)
  2 ogres
  A centaur zombie (D:3)
  2 hounds
  Natasha (D:3)
  An orc wizard (D:3)
  4 gnolls (D:5)
  An adder (D:2)
  A worm (D:2)
  A dart slug (D:2)
  7 orcs
  6 ball pythons
  4 endoplasms
  A giant cockroach (D:1)
  A goblin (D:1)
  4 hobgoblins
  A quokka (D:1)
  A bat (D:1)
  A frilled lizard (D:2)
  A kobold (D:2)
  3 rats
45 creatures vanquished.

Vanquished Creatures (others)
  183 foxfires
183 creatures vanquished.

Grand Total: 228 creatures vanquished

Notes
Turn   | Place    | Note
-------+----------+-------------------------------------------
     0 | D:1      | robertstho the Djinni Fire Elementalist began the quest for
                  | the Orb.
     0 | D:1      | Reached XP level 1. HP: 15/15 MP: 0/0
   261 | D:1      | Found a faded altar of an unknown god.
   310 | D:1      | Reached XP level 2. HP: 20/21 MP: 0/0
   889 | D:2      | Reached XP level 3. HP: 23/25 MP: 0/0
   889 | D:2      | Learned a level 1 spell: Shock
   930 | D:2      | Reached skill level 3 in Spellcasting
  2117 | D:3      | Reached XP level 4. HP: 2/31 MP: 0/0
  2421 | D:3      | Reached XP level 5. HP: 22/35 MP: 0/0
  2421 | D:3      | Learned a level 2 spell: Blink
  2566 | D:3      | Noticed Natasha
  2571 | D:3      | Killed Natasha
  2725 | D:3      | Noticed an ogre
  2816 | D:3      | Killed an ogre
  2817 | D:3      | Reached skill level 4 in Spellcasting
  2817 | D:3      | Reached XP level 6. HP: 35/40 MP: 0/0
  2860 | D:3      | You are sucked into a shaft and drop 3 floors!
  2872 | D:6      | Noticed an ogre
  2880 | D:6      | Killed an ogre
  3014 | D:6      | Noticed a water moccasin
  3020 | D:6      | Identified the +1 chain mail "Kemoys" {Regen+}
  3028 | D:6      | Killed a water moccasin
  3029 | D:6      | Reached skill level 5 in Spellcasting
  3029 | D:6      | Reached XP level 7. HP: 18/45 MP: 0/0
  3029 | D:6      | Learned a level 3 spell: Mephitic Cloud
  3032 | D:5      | Entered Level 5 of the Dungeon
  3273 | D:5      | Found a stormy altar of Qazlal.
  3372 | D:4      | Demolished by an ogre

Illustrated notes

Levels and vault maps discovered:
D:1:      shiori_arrival_elements, layout_loops_ring,
          chequers_ecumenical_altar_simple_redux
D:2:      layout_loops_ring, hangedman_decor_opposing
D:3:      layout_loops_ring, minmay_crystal_room, uniq_natasha
D:4:      layout_rooms, hangedman_glass_teeth, minmay_between
D:5:      layout_loops_cross, nicolae_overflow_hidden_temple
D:6:      layout_rooms, gammafunk_temple_overflow_elements

Skill      XL: |  1  2  3  4  5  6 |
---------------+-------------------+-----
Spellcasting   | 3 4 5 |  5.2
Dodging        | 3 4 |  4.0
Stealth        | 2 |  2.7
Fighting       | |  0.1
Unarmed Combat | |  0.3

Action                   |  1- 3 |  4- 6 |  7- 9 || total
-------------------------+-------+-------+-------++-------
Melee: Unarmed           |     2 |       |       ||     2
       Dagger            |       |       |     1 ||     1
 Cast: Foxfire           |    61 |    33 |    17 ||   111
       Sticky Flame      |       |     2 |     3 ||     5
       Blink             |       |     1 |       ||     1
       Mephitic Cloud    |       |       |     8 ||     8
  Use: Scroll            |       |     3 |     3 ||     6
       Potion            |       |       |     2 ||     2
Armor: Robe              |     2 |     2 |       ||     4
Dodge: Dodged            |    14 |    20 |     4 ||    38

Table legend: (Time is in decaauts)
 A = Elapsed time spent in this place.
 B = Non-inter-level travel time spent in this place.
 C = Inter-level travel time spent in this place.
 D = Time resting spent in this place.
 E = Time spent auto-exploring this place.
 F = Levels seen in this place.
 G = Mean time per level.
                   A        B        C        D        E       F      G
               +--------+--------+--------+--------+--------+-----+--------+
         Total |   3370 |   3320 |     50 |    280 |   2555 |   6 |  561.7 |
       Dungeon |   3370 |   3320 |     50 |    280 |   2555 |   6 |  561.7 |
               +--------+--------+--------+--------+--------+-----+--------+

Top non-repeatable levels by time:
     D:2: 1175 daAuts
     D:3: 853 daAuts
     D:1: 830 daAuts
     D:5: 323 daAuts
     D:6: 171 daAuts
     D:4: 15 daAuts
